 Dungeon Crawl Stone Soup version 0.18-a0-1468-gaf180a1 (webtiles) character file.

63 namelastname112 the Insei (level 3, -3/31 HPs)
             Began as a Draconian Monk on Mar 2, 2016.
             Killed by divine providence
             ... invoked by an orc priest
              (12 damage)
             ... on level 3 of the Dungeon.
             The game lasted 00:01:48 (1502 turns).

namelastname112 the Insei (Draconian Monk)          Turns: 1502, Time: 00:01:48

Health: -3/31      AC:  5    Str: 13    XL:     3   Next: 87%
Magic:  3/3        EV: 13    Int: 10    God:
Gold:   100        SH:  0    Dex: 14    Spells: 0 memorised, 2 levels left

rFire  . . .     SeeInvis +       - Unarmed
rCold  . . .     Gourm    .     (armour unavailable)
rNeg   . . .     Faith    .     (no shield)
rPois  .         Spirit   .     (helmet restricted)
rElec  .         Dismiss  .     (no cloak)
rCorr  .         Reflect  .     (no gloves)
SustAt .         Harm     .     (no boots)
MR     .....     Rnd*Tele +     i - amulet of regeneration
Stlth  ++........               h - ring of see invisible
                                f - ring of teleportation (curse)

@: not resistant to hostile enchantments, unstealthy
A: unfitting armour, cold-blooded, AC +5
a: no special abilities


You were on level 3 of the Dungeon.
You were not hungry.

You visited 1 branch of the dungeon, and saw 3 of its levels.

You collected 100 gold pieces.

Inventory:

Jewellery
 f - a cursed ring of teleportation (left hand)
 h - a ring of see invisible (right hand)
 i - an amulet of regeneration (around neck)
Scrolls
 b - 2 scrolls of enchant weapon {unknown}
 c - 2 scrolls of magic mapping {unknown}
 e - 2 scrolls of identify {unknown}
 l - a scroll of immolation {unknown}
 m - a scroll of teleportation {unknown}
 n - a scroll of random uselessness {unknown}
 p - a scroll of blinking {unknown}
Potions
 g - 2 potions of cure mutation {unknown}
 j - a potion of invisibility {unknown}
 k - 2 potions of flight {unknown}
Comestibles
 a - 2 bread rations
 d - a meat ration
 o - a chunk of flesh


   Skills:
 - Level 3.2 Fighting
 - Level 2.6 Dodging
 - Level 1.7 Stealth
 + Level 5.5 Unarmed Combat


You had 2 spell levels left.
You didn't know any spells.

Dungeon Overview and Level Annotations

Branches:
Dungeon (3/15)

Altars:


Innate Abilities, Weirdness & Mutations

Your plain brown scales are hard (AC +5).
Your body does not fit into most forms of armour.
You are cold-blooded and may be slowed by cold attacks.


Message History

The adder misses you. The orc barely misses you. The orc hits you with a flail.
You closely miss the adder.
The adder is heavily wounded.
The adder closely misses you. The orc barely misses you. The adder bites you.
You closely miss the adder.
The adder is heavily wounded.
The orc hits you with a flail. The adder bites you but does no damage.
The orc closely misses you.
You hit the adder but do no damage.
The adder is moderately wounded.
The orc barely misses you. The adder completely misses you.
You hit the adder.
The adder is severely wounded.
The orc hits you with a mace. The adder bites you but does no damage.
The orc hits you with a flail.
* * * LOW HITPOINT WARNING * * *
You are too injured to fight recklessly!
The orc priest mumbles some strange prayers to Beogh against you.
Beogh smites you!
You die...

#.# .# #.#..#
#.#..####
####........
###...<†..##
#....#.....#
#!...#........ #
+....#+#.####.
#..##.##@.......#
#...ooS........#
#..#..o........#
#.K.####(...#
#.### #....# #.
#....# #. ##+#.#
. .# # .#


You could see an orc priest, an adder, 2 orcs and a kobold.

Vanquished Creatures
  An adder (D:2)
  An ooze (D:2)
  A dart slug (D:1)
  2 giant geckos
  An orc (D:3)
  3 giant cockroaches
  3 goblins
  7 hobgoblins
  2 jackals (D:1)
  2 quokkas
  8 bats
  2 giant newts
  4 kobolds
  5 rats
42 creatures vanquished.

Notes
Turn   | Place    | Note
--------------------------------------------------------------
     0 | D:1      | namelastname112 the Draconian Monk began the quest for the Orb.
     0 | D:1      | Reached XP level 1. HP: 19/19 MP: 1/1
   200 | D:1      | Reached XP level 2. HP: 21/26 MP: 2/2
   862 | D:1      | Reached skill level 5 in Unarmed Combat
   922 | D:2      | Reached XP level 3. HP: 31/31 MP: 3/3
  1502 | D:3      | Killed from afar by an orc priest

Vault maps used:
D:1:      onia_arrival_mini_maze
D:3:      first_bread, trog_butcher_becter

Skill      XL: |  1  2 |
---------------+-------+-----
Unarmed Combat | 5 |  5.5
Fighting       | |  3.2
Dodging        | |  2.6
Stealth        | |  1.7

Action                   || total
-------------------------++-------
Melee: Unarmed           ||   161
 Stab: Sleeping          ||     1
  Eat: Chunk             ||     2
